 Dungeon Crawl Stone Soup version 0.29.1-1-gd02db6906a (webtiles) character file.

Game seed: 5645389716224261060

539210 concernfroge the Spry (level 24, 0/191 HPs)
             Began as a Mummy Monk on Sept 13, 2022.
             Was an Initiate of Gozag.
             Constricted to death by a tentacled monstrosity (7 damage)
             ... on level 4 of the Realm of Zot on Sept 16, 2022.
             The game lasted 07:03:10 (106900 turns).

concernfroge the Spry (Mummy Monk)                Turns: 106900, Time: 07:03:12

Health: 0/191      AC: 41    Str: 15 (17) XL:     24   Next: 68%
Magic:  7/23       EV:  2    Int: 16 (19) God:    Gozag
Gold:   399        SH: 26    Dex: 18 (21) Spells: 23/23 levels left

rFire   + + +      SeeInvis +   a - +8 rapier of Bread {spect, Will+ Int+2}
rCold   + + +      Faith    .   j - +2 tower shield {AC+3}
rNeg    + + +      Spirit   .   r - +10 gold dragon scales
rPois   ∞          Reflect  +   O - +1 helmet of Jusuna {rF++}
rElec   +          Harm     .   S - scarf {rC+ rF+}
rCorr   .          Rampage  .   x - +2 pair of gloves {hurl}
Will    +++++                   m - +2 pair of boots
Stlth   ..........              T - amulet "Emee" {Reflect +Inv SH+5}
HPRegen 0.41/turn               R - ring "Afyeg" {Fly rElec Will+ Int+6}
MPRegen 0.18/turn               z - ring of see invisible

@: flying, constricted
A: cold resistance 1, negative energy resistance 3, torment resistance 2, heat
vulnerability 1, in touch with death 2, no potions
}: 3/15 runes: decaying, serpentine, silver
a: Renounce Religion, Evoke Invisibility, Potion Petition, Call Merchant, Bribe
Branch


You were on level 4 of the Realm of Zot.
You worshipped Gozag.
Gozag was aware of your devotion.
You visited 11 branches of the dungeon, and saw 51 of its levels.
You also visited: Trove, Ossuary and Ice Cave.

You collected 28874 gold pieces.
You spent 1129 gold pieces at shops.
You paid 27346 gold pieces to Gozag.

Inventory:

Hand Weapons
 a - the +8 rapier of Bread (weapon) {spect, Will+ Int+2}
   (You acquired it on level 3 of the Dungeon)

   When its wielder attacks, the weapon's spirit leaps out and strikes again.
   The spirit shares a part of any damage it takes with its wielder.
   Int:       It affects your intelligence (+2).
   Will:      It increases your willpower.
 b - a +9 antimagic morningstar
Missiles
 f - a silver boomerang (quivered)
 i - 2 datura-tipped darts
 q - 17 poisoned darts
 u - 3 throwing nets
 y - 10 atropa-tipped darts
 A - a boomerang
 G - a boomerang of dispersal
 W - 2 curare-tipped darts
 Z - 2 javelins
Armour
 j - a +2 tower shield of protection (worn)
 m - a +2 pair of boots (worn)
 r - +10 gold dragon scales (worn)
 x - a +2 pair of gloves of hurling (worn)
 O - the +1 helmet of Jusuna (worn) {rF++}
   (You found it in a treasure trove)

   rF:        It greatly protects you from fire.
 S - a scarf of resistance (worn)
 U - the +8 orange crystal plate armour {Archmagi, Int+3 Clar}
   (You acquired it on level 1 of the Crypt)

   Int:       It affects your intelligence (+3).
   Clar:      It protects you against confusion.
Jewellery
 g - a ring of resist corrosion
 o - an amulet of the acrobat
 z - a ring of see invisible (right hand)
 M - a ring of protection from cold
 R - the ring "Afyeg" (left hand) {Fly rElec Will+ Int+6}
   (You took it off a white draconian in an ice cave)

   [ring of intelligence]

   Int:       It affects your intelligence (+6).
   rElec:     It insulates you from electricity.
   Fly:       It grants you flight.
   Will:      It increases your willpower.
 T - the amulet "Emee" (around neck) {Reflect +Inv SH+5}
   (You found it in an ice cave)

   [amulet of reflection]

   It reflects blocked missile attacks.
   +Inv:      It lets you turn invisible.
   SH:        It affects your SH (+5).
 V - a ring of protection from fire
 X - the ring "Icymoiga" {+Blink Dex+6}
   (You found it on level 3 of the Elven Halls)

   [ring of dexterity]

   Dex:       It affects your dexterity (+6).
   +Blink:    It lets you blink.
 Y - the amulet "Mach" {rN++ Regen+ Slay+2}
   (You found it in a treasure trove)

   [amulet of regeneration]

   Slay:      It affects your accuracy & damage with ranged weapons and melee
   (+2).
   rN:        It greatly protects you from negative energy.
   Regen:     It increases your rate of health regeneration.
Wands
 p - a wand of polymorph (12)
 H - a wand of digging (1)
Scrolls
 c - 5 scrolls of teleportation
 d - 7 scrolls of torment
 h - 8 scrolls of immolation
 k - 7 scrolls of poison
 l - a scroll of amnesia
 s - 7 scrolls of noise
 t - 11 scrolls of fog
 B - 2 scrolls of magic mapping
 C - a scroll of brand weapon
 D - 3 scrolls of silence
 N - 3 scrolls of fear
 P - 8 scrolls of vulnerability
Miscellaneous
 e - a box of beasts (inert)
 J - a tin of tremorstones (inert)
 K - a condenser vane (inert)
 Q - a lightning rod (4/4)


   Skills:
 - Level 16.0 Fighting
 - Level 14.0 Short Blades
 + Level 9.7 Maces & Flails
 - Level 2.4 Polearms
 - Level 10.0 Ranged Weapons
 - Level 14.1 Throwing
 - Level 12.0 Armour
 - Level 18.0 Dodging
 - Level 10.0 Stealth
 - Level 14.0 Shields
 - Level 14.0 Evocations


You had 23 spell levels left.
You didn't know any spells.
Your spell library contained the following spells:

 Spells                   Type           Power      Damage    Failure   Level
 Apportation              Tloc           0%         N/A       100%        1
 Foxfire                  Conj/Fire      0%         2x1d4     100%        1
 Freeze                   Ice            0%         1d3       100%        1
 Necrotise                Necr           0%         1d4       100%        1
 Sandblast                Erth           0%         2d4       100%        1
 Shock                    Conj/Air       0%         1d3       100%        1
 Sting                    Tmut/Pois      0%         1d3       100%        1
 Summon Small Mammal      Summ           0%         N/A       100%        1
 Blink                    Tloc           0%         N/A       100%        2
 Ensorcelled Hibernation  Hex/Ice        0%         N/A       100%        2
 Passwall                 Tmut/Erth      0%         N/A       100%        2
 Poisonous Vapours        Pois/Air       0%         N/A       100%        2
 Scorch                   Fire           0%         2d5       100%        2
 Call Canine Familiar     Summ           0%         N/A       100%        3
 Conjure Flame            Conj/Fire      0%         6-21      100%        3
 Dazzling Flash           Conj/Hex       0%         N/A       100%        3
 Frozen Ramparts          Ice            0%         1d1       100%        3
 Ignite Poison            Fire/Tmut/Pois 0%         N/A       100%        3
 Inner Flame              Hex/Fire       0%         N/A       100%        3
 Lesser Beckoning         Tloc           0%         N/A       100%        3
 Mephitic Cloud           Conj/Pois/Air  0%         N/A       100%        3
 Ozocubu's Armour         Ice            0%         N/A       100%        3
 Portal Projectile        Hex/Tloc       0%         N/A       100%        3
 Stone Arrow              Conj/Erth      0%         3d7       100%        3
 Summon Guardian Golem    Hex/Summ       0%         N/A       100%        3
 Swiftness                Air            0%         N/A       100%        3
 Tukima's Dance           Hex            0%         N/A       100%        3
 Vampiric Draining        Necr           0%         2d6       100%        3
 Airstrike                Air            0%         2d(0-16)  100%        4
 Anguish                  Hex/Necr       0%         N/A       100%        4
 Animate Armour           Summ/Erth      0%         N/A       100%        4
 Cause Fear               Hex            0%         N/A       100%        4
 Flame Wave               Conj/Fire      0%         2d4       100%        4
 Hailstorm                Conj/Ice       0%         3d3       100%        4
 Iskenderun's Mystic Bla  Conj/Tloc      0%         2d3       100%        4
 Olgreb's Toxic Radiance  Pois           0%         N/A       100%        4
 Passage of Golubria      Tloc           0%         N/A       100%        4
 Petrify                  Tmut/Erth      0%         N/A       100%        4
 Summon Ice Beast         Ice/Summ       0%         N/A       100%        4
 Summon Lightning Spire   Summ/Air       0%         N/A       100%        4
 Agony                    Necr           0%         N/A       100%        5
 Borgnjor's Vile Clutch   Necr/Erth      0%         N/A       100%        5
 Fireball                 Conj/Fire      0%         3d3       100%        5
 Freezing Cloud           Conj/Ice/Air   0%         6-21      100%        5
 Lee's Rapid Deconstruct  Erth           0%         3d5*      100%        5
 Manifold Assault         Tloc           0%         N/A       100%        5
 Metabolic Englaciation   Hex/Ice        0%         N/A       100%        5
 Silence                  Hex/Air        0%         N/A       100%        5
 Summon Forest            Summ/Tloc      0%         N/A       100%        5
 Summon Mana Viper        Hex/Summ       0%         N/A       100%        5
 Yara's Violent Unravell  Hex/Tmut       0%         3d3       100%        5
 Conjure Ball Lightning   Conj/Air       0%         3x3d6     100%        6
 Death Channel            Necr           0%         N/A       100%        6
 Eringya's Noxious Bog    Tmut/Pois      0%         N/A       100%        6
 Starburst                Conj/Fire      0%         6d3       100%        6
 Summon Cactus Giant      Summ           0%         N/A       100%        6
 Enfeeble                 Hex            0%         N/A       100%        7
 Haunt                    Necr/Summ      0%         N/A       100%        7
 Malign Gateway           Summ/Tloc      0%         N/A       100%        7
 Orb of Destruction       Conj           0%         9d5       100%        7
 Ozocubu's Refrigeration  Ice            0%         4d7       100%        7
 Spellforged Servitor     Conj/Summ      0%         N/A       100%        7
 Summon Hydra             Summ           0%         N/A       100%        7
 Discord                  Hex            0%         N/A       100%        8
 Infestation              Necr           0%         N/A       100%        8
 Maxwell's Capacitive Co  Air            0%         ∞         100%        8
 Summon Horrible Things   Summ           0%         N/A       100%        8
 Dragon's Call            Summ           0%         N/A       100%        9
 Fire Storm               Conj/Fire      0%         5d1       100%        9
 Shatter                  Erth           0%         3d5*      100%        9
 Wereblood                Tmut           Unusable   N/A       N/A         2
 Animate Dead             Necr           Unusable   N/A       N/A         4
 Ice Form                 Ice/Tmut       Unusable   N/A       N/A         4
 Simulacrum               Ice/Necr       Unusable   N/A       N/A         6
 Statue Form              Tmut/Erth      Unusable   N/A       N/A         6
 Dragon Form              Tmut           Unusable   N/A       N/A         7
 Storm Form               Tmut/Air       Unusable   N/A       N/A         7
 Borgnjor's Revivificati  Necr           Unusable   N/A       N/A         8

Dungeon Overview and Level Annotations

Branches:
Dungeon (15/15)            Temple (1/1) D:5            Lair (5/5) D:8
  Swamp (4/4) Lair:3        Snake (4/4) Lair:2        Slime (0/5) Lair:5
    Orc (2/2) D:10            Elf (3/3) Orc:2        Vaults (5/5) D:14
  Crypt (3/3) Vaults:3       Tomb (0/3) Crypt:3      Depths (4/4) D:15
    Zot (5/5) Depths:4    Ossuary (visited)           IceCv (visited)

Altars:
Ashenzari
Cheibriados
Dithmenos
Fedhas
Gozag
Hepliaklqana
Kikubaaqudgha
Makhleb
Nemelex Xobeh
Okawaru
Qazlal
Ru
Sif Muna
Trog
Uskayaw
Vehumet
Wu Jian
Xom
Yredelemnul

Shops:
D:9 *   D:15 !   Orc:2 ![=*   Elf:1 ?   Elf:2 !   Elf:3 =   Vaults:3 :
Vaults:5 !!

Portals:
Hell: Depths:1 Depths:2 Depths:3 Depths:4
Abyss: Depths:3
Pandemonium: Depths:2
Ziggurat: Depths:1

Annotations:
D:14 Roxanne


Innate Abilities, Weirdness & Mutations

You are immune to poison.
Your flesh is cold resistant. (rC+)
You are immune to negative energy. (rN+++)
You are immune to unholy pain and torment.
You are vulnerable to heat. (rF-)
You are strongly in touch with the powers of death.
You do not drink.


Message History

The tentacled monstrosity tentacle-slaps you but does no damage.
You block the tentacled monstrosity's attack.
The tentacled monstrosity tentacle-slaps you but does no damage.
The tentacled monstrosity constricts you.
Unknown command.
You thump the tentacled monstrosity!
The tentacled monstrosity is severely wounded.
You block the tentacled monstrosity's attack.
The tentacled monstrosity tentacle-slaps you but does no damage.
You block the tentacled monstrosity's attack.
The tentacled monstrosity constricts you.
You hit the tentacled monstrosity but do no damage.
The tentacled monstrosity is severely wounded.
You block the tentacled monstrosity's attack. x2
The tentacled monstrosity tentacle-slaps you!
* * * LOW HITPOINT WARNING * * *
The tentacled monstrosity constricts you.
* * * LOW HITPOINT WARNING * * *
Okay, then.
Okay, then.
You feel magic returning to you.
You feel clever.
You feel a bond with the +8 rapier of Bread {spect, Will+ Int+2}.
a - the +8 rapier of Bread (weapon)
{spect, Will+ Int+2} You block the tentacled monstrosity's attack.
The tentacled monstrosity tentacle-slaps you but does no damage. x2
The tentacled monstrosity constricts you.
Okay, then.
Okay, then.
You hit the tentacled monstrosity but do no damage.
The tentacled monstrosity is severely wounded.
Your +8 rapier of Bread {spect, Will+ Int+2} hits the tentacled monstrosity!
You barely miss the tentacled monstrosity.
The tentacled monstrosity is severely wounded.
Your +8 rapier of Bread {spect, Will+ Int+2} hits the tentacled monstrosity!
The tentacled monstrosity tentacle-slaps you but does no damage.
You block the tentacled monstrosity's attack. x2
The tentacled monstrosity constricts you!
You die...
Your body crumbles into a pile of gold.

.......###########.#
#.#.....#
.....#..####### #.#
#.#######
#######.......# #.#
#.# #######.# #.#
#.# #.####.# #.#
#......# #.#
####.### #.#
#(#####.# #@X§....#
#########


You could see a tentacled monstrosity and a friendly +8 rapier of Bread {spect,
Will+ Int+2} (summoned).

Vanquished Creatures
  4 dread liches
  2 ancient liches
  An orb of fire (Zot:2)
  A juggernaut (Depths:4)
  Sojobo (Crypt:3)
  Margery (Depths:2)
  A Killer Klown (Zot:4)
  Bai Suzhen (Snake:3)
  2 caustic shrikes
  Saint Roka (Vaults:2)
  7 golden dragons
  Nikola (Vaults:1)
  3 bone dragons
  Jory (Vaults:3)
  A shard shrike zombie (Crypt:1)
  8 liches
  8 tentacled monstrosities
  5 titans
  A walking earthen tome (Depths:1)
  A deep elf master archer (Elf:3)
  9 Orb Guardians
  5 quicksilver dragons
  4 ancient champions
  Frances (Swamp:2)
  5 sphinxes
  Kirke (Elf:1)
  6 death cobs
  6 tengu reavers
  3 thorn hunters (Swamp:4)
  A nagaraja (Snake:4)
  Donald (Vaults:2)
  10 shadow dragons
  11 storm dragons
  A revenant (Crypt:2)
  14 fire giants
  5 draconian monks
  2 fenstrider witches (Depths:2)
  A deep elf sorcerer (Elf:3)
  An orc warlord (Vaults:2)
  3 draconian scorchers
  4 iron dragons
  11 frost giants
  10 vault wardens
  9 draconian knights
  A hydra zombie (Swamp:4)
  3 draconian stormcallers
  A juggernaut zombie (Depths:2)
  4 ghost moths
  4 draconian annihilators
  2 curse skulls (Crypt:3)
  A quicksilver ooze (shapeshifter) (Vaults:5)
  9 ironbound preservers
  2 draconian shifters
  4 spriggan defenders
  2 reapers
  19 stone giants
  A war gargoyle (Vaults:5)
  2 caustic shrike skeletons
  4 ironbound thunderhulks (Vaults:3)
  A juggernaut skeleton (Vaults:3)
  26 very ugly things
  12 vampire knights
  2 black draconians
  An eleionoma (Swamp:3)
  A rockslime zombie (Crypt:1)
  A deep elf annihilator (Vaults:5)
  3 green draconians
  3 dire elephants (Vaults:3)
  4 yellow draconians
  5 purple draconians
  2 entropy weavers
  6 spark wasps (Depths:1)
  4 bunyips
  9 white draconians
  3 eidola
  3 red draconians
  A merfolk impaler (Depths:3)
  9 jiangshi
  Snorg (D:11)
  3 deep elf death magi
  A merfolk javelineer (Depths:2)
  12 ettins
  5 yaktaur captains
  3 deep elf high priests
  4 fire dragons
  2 shambling mangroves (Swamp:4)
  A green death (Crypt:1)
  Harold (Lair:1)
  A fenstrider witch zombie (Crypt:2)
  6 rakshasas
  6 ice dragons
  A peacekeeper (Vaults:3)
  6 great orbs of eyes
  19 vault guards
  8 boulder beetles
  5 spriggan air magi
  A merfolk avatar (Lair:5)
  4 ghost crabs
  2 catoblepae (Vaults:3)
  16 hydras
  9 anacondas
  3 ironbound frosthearts
  An ogre mage (D:15)
  A two-headed ogre (shapeshifter) (Vaults:5)
  3 death knights
  7 naga warriors
  4 two-headed ogres
  7 centaur warriors
  14 dancing weapons
  6 deep troll earth magi
  7 alligators
  7 tengu warriors
  7 vampire magi
  8 deep troll shamans
  8 deep elf knights
  5 spriggan berserkers
  Nergalle (Lair:1)
  6 naga sharpshooters
  4 shock serpents
  2 soul eaters
  2 large abominations
  Sonja (Orc:1)
  9 hell knights
  2 shadow wraiths
  An emperor scorpion zombie (Crypt:3)
  12 iron trolls
  A fire crab (shapeshifter) (Vaults:4)
  Amaemon (Lair:1)
  A fire crab (Lair:4)
  2 storm dragon skeletons (Depths:3)
  4 goliath frogs
  5 salamander mystics
  2 sea snakes
  4 skeletal warriors
  A death drake (Vaults:3)
  22 deep trolls
  3 flayed ghosts
  A spectral hydra (Swamp:4)
  5 swamp dragons
  A harpy (Lair:5)
  2 bog bodies
  A spriggan simulacrum (Crypt:3)
  A steelbarb worm (Depths:2)
  4 deep elf archers
  4 spriggan druids
  An orange crystal statue (IceCv)
  9 wizards
  3 glowing orange brains
  A death drake (shapeshifter) (Vaults:5)
  5 lindwurms
  A golden dragon skeleton (Crypt:2)
  2 naga ritualists
  12 necromancers
  6 ironbound convokers
  A stone giant zombie (Depths:2)
  14 deep elf zephyrmancers
  7 orc knights
  A tengu skeleton (Depths:3)
  A frost giant zombie (Crypt:2)
  6 phantasmal warriors
  A wolf spider (Crypt:1)
  Pikel (D:5)
  4 mana vipers
  20 deep elf pyromancers
  4 manticores
  A fire giant zombie (Crypt:1)
  A faun (Depths:2)
  A wolf spider (shapeshifter) (Depths:1)
  56 ugly things
  2 oklob plants
  A fire giant skeleton (Depths:3)
  2 will-o-the-wisps
  3 orc sorcerers
  2 cyclopes
  A manticore (shapeshifter) (Crypt:1)
  3 elephants (Lair:5)
  11 moths of wrath
  12 salamanders
  27 black mambas
  Joseph (D:9)
  Maurice (D:12)
  3 guardian serpents
  7 naga magi
  A centaur zombie (Crypt:3)
  A black mamba (shapeshifter) (Depths:1)
  A guardian serpent (shapeshifter) (D:14)
  7 storm dragon simulacra (IceCv)
  7 vault sentinels
  An orange demon (Lair:1)
  A gargoyle (D:11)
  7 cane toads
  A demonic crawler (Crypt:1)
  3 unseen horrors
  4 rime drakes
  5 komodo dragons
  2 kobold demonologists
  8 yaktaurs
  A redback zombie (Crypt:3)
  4 golden dragon simulacra
  A spark wasp simulacrum (Depths:2)
  3 tengu conjurers
  3 freezing wraiths
  A wandering mushroom (Swamp:4)
  2 death drake zombies (Swamp:4)
  6 trolls
  2 tarantellas (Vaults:3)
  2 hydra skeletons (Swamp:4)
  7 polar bears
  A hornet (shapeshifter) (D:14)
  10 tyrant leeches
  Prince Ribbit (D:9)
  A mana viper skeleton (Crypt:1)
  10 slime creatures
  3 wind drakes (Lair:4)
  20 hornets
  16 dream sheep
  A tyrant leech (shapeshifter) (Vaults:5)
  2 raiju (Vaults:3)
  A sphinx simulacrum (Vaults:3)
  A death drake skeleton (Swamp:4)
  A satyr zombie (Crypt:1)
  Grinder (D:3)
  18 blink frogs
  2 snapping turtles (Lair:5)
  A frost giant simulacrum (Depths:1)
  A black mamba zombie (Crypt:3)
  2 air elementals
  2 shadows
  7 water elementals
  5 wraiths
  7 spriggans
  A culicivora (Vaults:3)
  4 wyverns
  2 hogs (Elf:1)
  37 yaks
  Eustachio (D:6)
  A chaos spawn (Crypt:1)
  5 basilisks
  2 fire elementals
  4 redbacks (Vaults:3)
  4 steam dragons
  10 vampire mosquitoes
  Menkaure (D:5)
  16 swamp worms
  4 wargs
  A water nymph zombie (Crypt:2)
  2 acid dragons
  2 glowing shapeshifter zombies
  12 nagas
  11 water moccasins
  2 floating eyes (Depths:2)
  5 hydra simulacra (Swamp:4)
  Duvessa (D:6)
  2 demonspawn skeletons (Crypt:3)
  A floating eye (shapeshifter) (Depths:1)
  2 ice beasts (D:6)
  3 swamp drakes
  8 ice dragon simulacra (IceCv)
  4 swamp dragon zombies (Swamp:4)
  A cane toad skeleton (Crypt:1)
  43 orc warriors
  2 sky beasts (Vaults:3)
  An ogre (shapeshifter) (Vaults:5)
  10 ogres
  5 glowing shapeshifter skeletons
  5 wolves (Lair:1)
  A boggart (Vaults:2)
  13 centaurs
  3 phantoms
  A swamp dragon skeleton (Swamp:4)
  5 elf zombies
  4 kobold brigands
  8 bullfrogs
  A salamander zombie (Crypt:1)
  A komodo dragon zombie (Crypt:1)
  Blork the orc (D:6)
  3 gnoll sergeants
  2 necrophages
  2 scorpions
  A glowing shapeshifter simulacrum (Depths:1)
  3 earth elementals
  2 elf skeletons
  A draconian skeleton (Crypt:2)
  9 wights
  13 killer bees
  A ballistomycete (Swamp:4)
  3 lindwurm simulacra (IceCv)
  Dowan (D:6)
  A warg skeleton (Crypt:1)
  A wolf zombie (Crypt:2)
  4 electric eels
  2 howler monkeys (D:12)
  3 small abominations
  A bullfrog zombie (Crypt:2)
  A human zombie (Ossuary)
  6 hounds
  27 orc priests
  3 jellies
  Ijyb (D:5)
  3 iguanas
  4 lightning spires (Vaults:3)
  26 orc wizards
  A hell rat (Crypt:1)
  An acid dragon skeleton (Crypt:3)
  3 mummies (Ossuary)
  14 gnolls
  A howler monkey skeleton (Crypt:2)
  7 adders
  A swamp drake skeleton (Crypt:2)
  2 shadow imps
  A white imp (D:5)
  An ufetubus (D:7)
  3 adder zombies (Ossuary)
  A lava snake skeleton (Crypt:1)
  2 dart slugs
  85 orcs
  9 endoplasms
  6 giant cockroaches
  4 goblins
  10 hobgoblins
  13 jackals
  4 quokkas
  5 ball pythons
  4 bats
  An endoplasm zombie (Crypt:2)
  2 frilled lizards (D:1)
  3 goblin zombies
  2 hobgoblin zombies (Ossuary)
  A jackal skeleton (Crypt:3)
  15 kobolds
  A kobold skeleton (Crypt:3)
  5 kobold zombies (Ossuary)
  4 quokka zombies (Ossuary)
  5 rats
  A rat zombie (D:4)
  A ballistomycete spore (Swamp:4)
  6 briar patches (Swamp:4)
  A butterfly (Lair:5)
1673 creatures vanquished.

Vanquished Creatures (collateral kills)
  A juggernaut (Depths:3)
  Parghit (Depths:4)
  A golden dragon (Zot:4)
  Rupert (D:12)
  An Orb Guardian (Zot:5)
  Asterion (Snake:4)
  A titan (Vaults:5)
  A deep elf master archer (Elf:3)
  2 deep elf blademasters (Elf:3)
  A sphinx (Depths:2)
  2 tengu reavers
  A storm dragon (Depths:3)
  2 draconian monks
  5 nagarajas (Snake:4)
  4 draconian knights
  A deep elf sorcerer (Elf:3)
  A deep elf elementalist (Elf:3)
  A draconian annihilator (Zot:1)
  A vampire knight (Vaults:3)
  3 stone giants
  A very ugly thing (Vaults:1)
  3 green draconians
  3 deep elf demonologists (Elf:3)
  A black draconian (Depths:4)
  3 dire elephants (Vaults:1)
  2 deep elf annihilators
  An entropy weaver (Vaults:1)
  A purple draconian (Zot:4)
  A white draconian (Zot:1)
  3 yellow draconians
  4 red draconians
  4 ettins (Vaults:5)
  A deep elf death mage (Elf:3)
  A deep elf high priest (Vaults:5)
  2 vault guards
  2 salamander tyrants (Snake:4)
  A peacekeeper (Vaults:2)
  3 yaktaur captains
  Erolcha (D:9)
  A rakshasa (Depths:1)
  A boulder beetle (Vaults:1)
  A ghost crab (Vaults:3)
  3 anacondas
  5 naga warriors
  8 dancing weapons
  2 ironbound frosthearts
  2 deep troll shamans (Depths:1)
  6 shock serpents
  2 spriggan berserkers
  3 deep elf knights
  5 naga sharpshooters
  A salamander mystic (Snake:4)
  A spriggan (Depths:4)
  An iron troll (Depths:1)
  2 swamp dragons (Swamp:4)
  11 deep trolls
  A naga ritualist (Snake:4)
  3 deep elf archers
  2 ironbound convokers
  An orc knight (Vaults:3)
  6 deep elf zephyrmancers
  4 lindwurms
  5 mana vipers
  5 deep elf pyromancers
  A frost giant zombie (Depths:3)
  2 moths of wrath
  5 salamanders
  A cyclops (D:14)
  4 ugly things
  3 guardian serpents
  9 black mambas
  3 vault sentinels (Vaults:1)
  A naga mage (Snake:4)
  2 yaktaurs
  A hornet (Depths:4)
  3 slime creatures
  3 water elementals
  An air elemental (Elf:1)
  A basilisk (Vaults:3)
  2 golden eyes (Vaults:3)
  A warg (Vaults:5)
  A small abomination (Vaults:3)
  A glowing shapeshifter zombie (Vaults:2)
  13 nagas
  A floating eye (Depths:1)
  An orc warrior (Vaults:5)
  2 elf zombies (Elf:1)
  A gnoll (D:9)
  2 orcs
217 creatures vanquished.

Vanquished Creatures (others)
  A tentacled monstrosity (Zot:1)
  A titan (Vaults:5)
  A deep elf blademaster (Elf:3)
  2 sphinxes
  2 death cobs (Zot:1)
  3 storm dragons (Zot:1)
  2 tengu reavers
  10 nagarajas
  3 fire giants
  A draconian scorcher (Zot:1)
  A deep elf sorcerer (Elf:3)
  5 vault wardens
  2 draconian shifters
  3 deep elf elementalists (Elf:3)
  3 draconian stormcallers
  2 stone giants
  7 ironbound preservers
  2 war gargoyles
  A green draconian (Zot:1)
  A vampire knight (Vaults:3)
  5 deep elf annihilators (Elf:3)
  3 deep elf demonologists (Elf:3)
  A purple draconian (Zot:1)
  2 red draconians (Zot:1)
  2 yellow draconians
  An ettin (Vaults:5)
  6 deep elf death magi (Elf:3)
  2 deep elf high priests (Elf:3)
  7 yaktaur captains
  4 great orbs of eyes
  An ice dragon (Depths:3)
  A radroach (shapeshifter) (Vaults:5)
  A salamander tyrant (Snake:2)
  An ogre mage (Vaults:3)
  12 vault guards
  8 ironbound frosthearts
  A centaur warrior (Vaults:3)
  11 naga warriors
  A tengu warrior (Depths:3)
  3 naga sharpshooters
  2 deep elf knights
  A salamander mystic (Snake:4)
  15 deep trolls
  A deep elf archer (Elf:3)
  A spriggan simulacrum (Vaults:3)
  2 phantasmal warriors
  9 deep elf pyromancers
  11 ironbound convokers
  3 wizards
  An orc knight (Vaults:5)
  2 necromancers (Vaults:2)
  3 deep elf zephyrmancers
  A wolf spider (Vaults:3)
  3 lindwurms (Vaults:2)
  2 mana vipers (Snake:4)
  6 salamanders
  3 moths of wrath
  A guardian serpent (Snake:1)
  4 black mambas
  9 vault sentinels
  A naga mage (Snake:4)
  A human skeleton (Vaults:2)
  A storm dragon simulacrum (IceCv)
  A freezing wraith (Vaults:5)
  A troll (Vaults:5)
  7 yaktaurs
  A bloated husk (Swamp:3)
  A tarantella (shapeshifter) (Vaults:5)
  A dream sheep (shapeshifter) (Vaults:5)
  A water elemental (Elf:1)
  3 hogs
  A redback (Vaults:3)
  6 nagas
  An ogre zombie (Vaults:2)
  2 swamp drakes (Swamp:4)
  An ice beast (Vaults:3)
  A human simulacrum (Vaults:2)
  An electric eel (D:9)
  A vampire bat (Vaults:3)
  An orc (Vaults:5)
  2 ball lightnings (Vaults:3)
  8 foxfires
  36 fungi
  120 plants
  5 withered plants (D:3)
411 creatures vanquished.

Grand Total: 2301 creatures vanquished

Notes
Turn   | Place    | Note
-------+----------+-------------------------------------------
     0 | D:1      | concernfroge the Mummy Monk began the quest for the Orb.
     0 | D:1      | Reached XP level 1. HP: 18/18 MP: 1/1
     2 | D:1      | Noticed a human
     4 | D:1      | Noticed a ghoul
     4 | D:1      | Noticed a demonspawn
     6 | D:1      | Noticed a troll
     6 | D:1      | Noticed an ogre
     8 | D:1      | Noticed a vampire
     8 | D:1      | Noticed a vine stalker
    10 | D:1      | Noticed a gargoyle
    10 | D:1      | Noticed a spriggan
    12 | D:1      | Noticed an elf
    12 | D:1      | Noticed a felid
    14 | D:1      | Noticed a formicid
    16 | D:1      | Noticed a naga
    18 | D:1      | Noticed a meteoran
    18 | D:1      | Noticed a minotaur
    20 | D:1      | Noticed a draconian
    20 | D:1      | Noticed an octopode
    22 | D:1      | Noticed a merfolk
    22 | D:1      | Noticed a palentonga
    24 | D:1      | Noticed a gargoyle
    24 | D:1      | Noticed a tengu
    26 | D:1      | Noticed an octopode
    26 | D:1      | Noticed a tengu
    90 | D:1      | Reached XP level 2. HP: 16/24 MP: 2/2
   839 | D:1      | Gained mutation: You are in touch with the powers of death.
                  | [Mummy growth]
   839 | D:1      | Reached XP level 3. HP: 28/31 MP: 3/3
  1814 | D:3      | Noticed Grinder
  1848 | D:3      | Reached XP level 4. HP: 38/38 MP: 4/4
  1857 | D:3      | Reached skill level 5 in Fighting
  1909 | D:3      | Identified a scroll of acquirement
  1909 | D:3      | Acquired the +8 rapier of Bread {spect, Will+ Int+2}
  1913 | D:3      | Paralysed by Grinder for 5 turns
  1930 | D:3      | Killed Grinder
  1931 | D:3      | Reached XP level 5. HP: 39/47 MP: 5/5
  1931 | D:3      | Reached XP level 6. HP: 44/53 MP: 6/6
  2059 | D:3      | Found a faded altar of an unknown god.
  2589 | D:4      | Found a sand-covered staircase.
  2605 | Ossuary  | Entered an ossuary
  2804 | Ossuary  | Reached XP level 7. HP: 48/62 MP: 7/7
  3937 | D:5      | Entered Level 5 of the Dungeon
  3991 | D:5      | Noticed Pikel
  3997 | D:5      | Killed Pikel
  3998 | D:5      | Reached skill level 10 in Fighting
  3998 | D:5      | Reached XP level 8. HP: 44/72 MP: 4/8
  4134 | D:5      | Found a staircase to the Ecumenical Temple.
  4146 | Temple   | Entered the Ecumenical Temple
  4235 | Temple   | Became a worshipper of Gozag Ym Sagoz the Greedy
  4492 | D:5      | Noticed Ijyb
  4503 | D:5      | Killed Ijyb
  4574 | D:5      | Noticed Menkaure
  4579 | D:5      | Killed Menkaure
  4580 | D:5      | Reached skill level 5 in Short Blades
  4581 | D:5      | Found an iron altar of Okawaru.
  4949 | D:6      | Reached XP level 9. HP: 75/78 MP: 9/9
  5201 | D:6      | Noticed Duvessa
  5202 | D:6      | Noticed Dowan
  5212 | D:6      | Killed Duvessa
  5218 | D:6      | Killed Dowan
  5338 | D:6      | Noticed Blork the orc
  5341 | D:6      | Killed Blork the orc
  5900 | D:6      | Noticed Eustachio
  5905 | D:6      | Killed Eustachio
  6499 | D:6      | Found a burning altar of Makhleb.
  7010 | D:7      | Reached XP level 10. HP: 85/85 MP: 10/10
  7586 | D:8      | Reached skill level 10 in Short Blades
  7844 | D:8      | Found a hide-covered altar of Uskayaw.
  7971 | D:8      | Found a staircase to the Lair.
  8361 | D:8      | Found a radiant altar of Vehumet.
  9087 | D:9      | Noticed Joseph
  9098 | D:9      | Killed Joseph
  9379 | D:9      | Noticed Erolcha
  9390 | D:9      | Killed Erolcha
  9584 | D:9      | Noticed Prince Ribbit
  9587 | D:9      | Reached XP level 11. HP: 90/90 MP: 11/11
  9599 | D:9      | Killed Prince Ribbit
  9728 | D:9      | Found Inyral Xiyro's Assorted Antiques.
 10200 | D:10     | Entered Level 10 of the Dungeon
 10393 | D:10     | Found a staircase to the Orcish Mines.
 10717 | D:10     | You fall into a shaft and drop 2 floors!
 11087 | D:10     | Found an ornate altar of the Wu Jian Council.
 11411 | D:11     | Noticed an eight-headed hydra
 11419 | D:11     | Killed an eight-headed hydra
 11915 | D:11     | Noticed Snorg
 11920 | D:11     | Killed Snorg
 12231 | Lair:1   | Entered Level 1 of the Lair of Beasts
 12343 | Lair:1   | Noticed an eight-headed hydra
 12352 | Lair:1   | Killed an eight-headed hydra
 12597 | Lair:1   | Noticed Harold
 12607 | Lair:1   | Reached skill level 1 in Throwing
 12607 | Lair:1   | Reached skill level 1 in Armour
 12607 | Lair:1   | Reached skill level 1 in Evocations
 12611 | Lair:1   | Killed Harold
 12612 | Lair:1   | Reached XP level 12. HP: 50/97 MP: 12/12
 12704 | Lair:1   | Reached skill level 3 in Dodging
 12939 | Lair:1   | Noticed a five-headed hydra
 12946 | Lair:1   | Killed a five-headed hydra
 13139 | Lair:1   | Noticed Amaemon
 13150 | Lair:1   | Killed Amaemon
 13389 | Lair:1   | Noticed Nergalle
 13403 | Lair:1   | Killed Nergalle
 14014 | Lair:2   | Reached skill level 4 in Dodging
 14258 | Lair:2   | Found a staircase to the Snake Pit.
 14827 | Lair:3   | Noticed an eight-headed hydra
 14832 | Lair:3   | Killed an eight-headed hydra
 14951 | Lair:3   | Noticed a seven-headed hydra
 14961 | Lair:3   | Killed a seven-headed hydra
 15341 | Lair:3   | Found a staircase to the Swamp.
 15590 | Lair:3   | Gained mutation: You are strongly in touch with the powers
                  | of death. [Mummy growth]
 15590 | Lair:3   | Reached XP level 13. HP: 82/103 MP: 13/13
 16350 | Lair:4   | Reached skill level 5 in Armour
 16357 | Lair:4   | Reached skill level 5 in Throwing
 16357 | Lair:4   | Reached skill level 5 in Evocations
 17706 | Lair:5   | Entered Level 5 of the Lair of Beasts
 17902 | Lair:5   | Found a staircase to the Slime Pits.
 18963 | Lair:5   | Reached skill level 5 in Stealth
 18972 | Lair:5   | Reached skill level 5 in Dodging
 19834 | Lair:5   | Reached skill level 6 in Dodging
 19845 | Lair:5   | Reached skill level 1 in Ranged Weapons
 20079 | Lair:5   | Identified the +6 trident "Hyb Taw" {pain, rPois MP+9}
 20104 | Lair:5   | Reached XP level 14. HP: 64/110 MP: 14/14
 20917 | D:12     | Noticed Rupert
 20929 | D:12     | Killed Rupert
 21219 | D:12     | Noticed Maurice
 21235 | D:12     | Killed Maurice
 21785 | Orc:1    | Entered Level 1 of the Orcish Mines
 21798 | Orc:1    | Reached skill level 5 in Ranged Weapons
 22268 | Orc:1    | Noticed Sonja
 22306 | Orc:1    | Killed Sonja
 23450 | Orc:2    | Entered Level 2 of the Orcish Mines
 25262 | Orc:2    | Found Vycon's Jewellery Shoppe.
 25262 | Orc:2    | Found Somuf's Armour Shop.
 25265 | Orc:2    | Found Nietamyff's Distillery.
 25267 | Orc:2    | Found Jopitote's Assorted Antiques.
 25324 | Orc:2    | Found a staircase to the Elven Halls.
 27351 | D:14     | Identified Roxanne's Compilation of Moulding
 27351 | D:14     | Noticed Roxanne
 27983 | D:14     | Reached skill level 1 in Shields
 28516 | D:14     | Found a gate to the Vaults.
 28673 | D:14     | Reached XP level 15. HP: 115/115 MP: 15/15
 28705 | D:14     | Found a hide-covered altar of Uskayaw.
 29023 | D:15     | Entered Level 15 of the Dungeon
 29023 | D:15     | Found Ottas's Distillery.
 29639 | D:15     | Reached skill level 10 in Ranged Weapons
 30559 | D:15     | Reached skill level 5 in Shields
 31222 | D:15     | Found a staircase to the Depths.
 31779 | Swamp:1  | Entered Level 1 of the Swamp
 31829 | Snake:1  | Entered Level 1 of the Snake Pit
 34597 | Snake:2  | Noticed a nagaraja
 35295 | Snake:2  | Noticed a nagaraja
 35924 | Snake:2  | Identified the +8 spear of Xeroups {vorpal, Drain rN+ MP+9
                  | Int+8}
 35942 | Snake:3  | Found a frozen archway.
 35946 | IceCv    | Entered an ice cave
 35992 | IceCv    | Reached skill level 10 in Shields
 36017 | IceCv    | Reached XP level 16. HP: 50/122 MP: 16/16
 36904 | IceCv    | Identified the +6 plate armour "Damnable Contraption" {rF+
                  | Will+ Int+3 Dex-3}
 37023 | IceCv    | Reached skill level 7 in Dodging
 37381 | IceCv    | Identified the ring "Afyeg" {Fly rElec Will+ Int+6}
 37582 | IceCv    | Identified the amulet "Emee" {Reflect +Inv SH+5}
 38023 | Snake:3  | Noticed Bai Suzhen
 38046 | Snake:3  | Killed Bai Suzhen
 38047 | Snake:3  | Reached skill level 8 in Dodging
 39314 | Snake:4  | Entered Level 4 of the Snake Pit
 39363 | Snake:4  | Reached skill level 9 in Dodging
 39627 | Snake:4  | HP: 3/122 [naga mage/+0 club (10)]
 40048 | Snake:4  | Noticed Asterion
 40543 | Snake:4  | Reached skill level 10 in Dodging
 41541 | Snake:4  | Got a serpentine rune of Zot
 41704 | Snake:4  | Noticed an Executioner
 41704 | Snake:4  | Killed Asterion
 42257 | Elf:1    | Entered Level 1 of the Elven Halls
 42273 | Elf:1    | Reached XP level 17. HP: 113/128 MP: 17/17
 42403 | Elf:1    | Found Ashunoph's Magic Scroll Boutique.
 42452 | Elf:1    | Bought a scroll of blinking for 112 gold pieces
 42884 | Elf:1    | Got the Vademecum on Evil
 42979 | Elf:1    | Noticed Kirke
 43544 | Elf:2    | Found Othab's Distillery.
 44005 | Elf:2    | Found a runed translucent gate.
 44005 | Elf:2    | Found a runed translucent gate.
 44010 | Elf:2    | Found a runed translucent gate.
 44011 | Elf:2    | Identified the +7 battleaxe of the Jumping Gods {vorpal,
                  | Str+6 Dex-5}
 44021 | Elf:2    | Identified the +10 short sword of Doubt {vorpal, *Slow rF-
                  | rCorr Dex+8}
 45202 | Elf:2    | Noticed a deep elf blademaster
 45470 | Elf:3    | Entered Level 3 of the Elven Halls
 45512 | Elf:3    | Noticed a deep elf blademaster
 45513 | Elf:3    | Noticed a deep elf master archer
 45516 | Elf:3    | Noticed a deep elf blademaster
 45516 | Elf:3    | Killed a deep elf master archer
 45517 | Elf:3    | Reached skill level 10 in Armour
 45519 | Elf:3    | Killed a deep elf blademaster
 45522 | Elf:3    | Identified the +3 quarterstaff "Bacih" {protect, *Rage rF-
                  | Will+++ rCorr}
 45522 | Elf:3    | Identified the amulet "Affidesyu" {rPois Regen+}
 45523 | Elf:3    | Noticed a deep elf master archer
 45527 | Elf:3    | Killed a deep elf master archer
 45527 | Elf:3    | Noticed a Tzitzimitl
 45939 | Elf:3    | Killed a deep elf blademaster
 46173 | Elf:3    | Identified the +3 whip of the Two Names {drain, Will-
                  | Str+5}
 46263 | Elf:3    | Identified the ring "Yniyh" {Will++ MP+9 Stlth+}
 46311 | Elf:3    | Identified the ring "Icymoiga" {+Blink Dex+6}
 46432 | Elf:3    | Found Luprinu's Jewellery Shoppe.
 48037 | Swamp:1  | Acquired 1012 gold pieces
 48565 | Elf:1    | Killed Kirke
 48566 | Elf:1    | Reached XP level 18. HP: 134/134 MP: 18/18
 49194 | Swamp:2  | Noticed Frances
 49212 | Swamp:2  | Killed Frances
 50936 | Swamp:4  | Entered Level 4 of the Swamp
 52682 | Swamp:4  | Reached skill level 10 in Stealth
 53186 | Swamp:4  | Found a basalt altar of Yredelemnul.
 53515 | Swamp:4  | Found a blossoming altar of Fedhas.
 53846 | Swamp:4  | Got a decaying rune of Zot
 54197 | Depths:1 | Entered Level 1 of the Depths
 54197 | Depths:1 | Noticed a lich
 54332 | Depths:1 | Killed a lich
 54696 | Depths:1 | Reached skill level 10 in Throwing
 54696 | Depths:1 | Reached skill level 10 in Evocations
 54807 | Depths:1 | Noticed a lich
 54815 | Depths:1 | Killed a lich
 55323 | Depths:1 | Found a gateway to Hell.
 55655 | Depths:1 | Noticed a caustic shrike
 55760 | Depths:1 | Found a one-way gateway to a ziggurat.
 56040 | Depths:1 | Noticed a walking earthen tome
 56448 | Depths:1 | Noticed a lich
 56463 | Depths:1 | Killed a lich
 57037 | Depths:1 | Reached XP level 19. HP: 138/144 MP: 19/19
 58029 | Depths:1 | Identified the +8 war axe of Xollan {flame, *Slow rPois
                  | Will+ Int+3}
 58037 | Depths:1 | Reached skill level 11 in Dodging
 58147 | Depths:1 | Killed a caustic shrike
 59674 | Depths:1 | Identified the +1 crystal plate armour of Defiance {-Tele
                  | rF+++ Str+7 Stlth+}
 59699 | Depths:1 | Identified the +1 war axe of Scorn {flame, *Rage rPois
                  | Str+7}
 59992 | Depths:2 | Reached skill level 12 in Dodging
 60164 | Depths:2 | You are sucked into a shaft and drop 1 floor!
 60227 | Depths:3 | Found a stormy altar of Qazlal.
 62246 | Depths:2 | Noticed Margery
 62271 | Depths:2 | Killed Margery
 62595 | Depths:2 | Noticed a dread lich
 62625 | Depths:2 | Killed a dread lich
 62797 | Depths:2 | Reached XP level 20. HP: 93/153 MP: 20/20
 63180 | Depths:2 | Found a one-way gate leading to the halls of Pandemonium.
 63189 | Depths:2 | Identified the +1 plate armour of Purpose {Str+2}
 63255 | Depths:2 | Found a shadowy altar of Dithmenos.
 66146 | Depths:3 | Found a one-way gate to the infinite horrors of the Abyss.
 66529 | Depths:3 | Noticed a golden dragon
 67809 | Depths:3 | Killed a golden dragon
 68650 | Depths:3 | Noticed a juggernaut
 68672 | Depths:3 | Killed a juggernaut
 69487 | Depths:3 | Upgraded the game from 0.29.1 to 0.29.1-1-gd02db6906a
 69736 | Vaults:1 | Entered Level 1 of the Vaults
 69942 | Vaults:1 | Reached XP level 21. HP: 122/159 MP: 21/21
 70813 | Vaults:1 | Noticed Nikola
 70834 | Vaults:1 | Killed Nikola
 71645 | Vaults:2 | Found the +3 pair of seven-league boots {Rampage+∞}
 72051 | Vaults:2 | Noticed Saint Roka
 72065 | Vaults:2 | Killed Saint Roka
 73277 | Vaults:2 | Noticed Donald
 73290 | Vaults:2 | Killed Donald
 73583 | Vaults:2 | Identified the +5 arbalest "Kuawil" {freeze, rN+ Will+
                  | Int+4}
 73854 | Vaults:2 | Identified the +3 scale mail of the Robin {+Blink rF+}
 73954 | Vaults:3 | Reached skill level 13 in Dodging
 74263 | Vaults:3 | Got the Incunable of Spellbinding
 74421 | Vaults:3 | Noticed Jory
 74438 | Vaults:3 | Killed Jory
 74700 | Vaults:3 | Got the Commentary on Evolution
 75282 | Vaults:3 | Got the Writings on Silt
 75690 | Vaults:3 | Got the Octavo of the Tempest
 76646 | Vaults:3 | Found a staircase to the Crypt.
 76657 | Vaults:3 | Found Dophedd's Book Shop.
 76737 | Vaults:3 | Reached skill level 14 in Dodging
 77503 | Vaults:3 | Got the Spellbook of Unhallowed Rites
 78695 | Vaults:4 | Reached XP level 22. HP: 141/172 MP: 22/22
 79256 | Vaults:4 | Found the +8 whip "Snakebite" {venom, curare, rPois}
 80179 | Vaults:5 | Entered Level 5 of the Vaults
 80635 | Vaults:5 | Identified the amulet of Arrival {RegenMP Int+2}
 81282 | Vaults:5 | Got a silver rune of Zot
 81285 | Vaults:5 | Got the Parchment of Allies
 81299 | Vaults:5 | Noticed a golden dragon
 81308 | Vaults:5 | Killed a golden dragon
 81539 | Vaults:5 | Identified the +9 triple crossbow of Agacoun {elec, Str+3}
 81597 | Vaults:5 | Noticed a golden dragon
 81609 | Vaults:5 | Killed a golden dragon
 81617 | Vaults:5 | Noticed a dread lich
 82033 | Crypt:1  | Entered Level 1 of the Crypt
 82520 | Crypt:1  | Found a runed translucent gate.
 82793 | Crypt:1  | Found a runed translucent gate.
 82794 | Crypt:1  | Found a runed translucent gate.
 83485 | Crypt:1  | Acquired the +8 orange crystal plate armour {Archmagi,
                  | Int+3 Clar}
 83485 | Crypt:1  | Found the +8 orange crystal plate armour {Archmagi, Int+3
                  | Clar}
 84319 | Crypt:2  | Found a basalt altar of Yredelemnul.
 84499 | Crypt:3  | Entered Level 3 of the Crypt
 84499 | Crypt:3  | Found a shimmering altar of Xom.
 84740 | Crypt:3  | Found a staircase to the Tomb.
 84818 | Crypt:3  | Reached skill level 15 in Fighting
 84921 | Crypt:3  | Noticed Sojobo
 84928 | Crypt:3  | Killed Sojobo
 85734 | Crypt:3  | Found the +13 scythe of Curses {drain, Drain}
 86254 | Crypt:3  | Noticed a dread lich
 86254 | Crypt:3  | Noticed a dread lich
 86260 | Crypt:3  | Noticed an ancient lich
 86263 | Crypt:3  | Identified the +2 robe of Uxyrphy {Harm rC- rN++}
 86355 | Crypt:3  | Killed an ancient lich
 86356 | Crypt:3  | Reached XP level 23. HP: 101/179 MP: 23/23
 86363 | Crypt:3  | Killed a dread lich
 86588 | Crypt:3  | Killed a dread lich
 87157 | Vaults:5 | Killed a dread lich
 88942 | Vaults:5 | Found Xunarib's Distillery.
 88961 | Vaults:5 | Found Buedgh's Distillery.
 89121 | Vaults:5 | Got Sif Muna's Folio of the Searing Rocks
 89698 | Orc:2    | Bought a scroll of summoning for 323 gold pieces
 89698 | Orc:2    | Bought a scroll of poison for 136 gold pieces
 89698 | Orc:2    | Bought a scroll of teleportation for 102 gold pieces
 89769 | Elf:1    | Bought a scroll of immolation for 60 gold pieces
 89769 | Elf:1    | Bought a scroll of magic mapping for 112 gold pieces
 89769 | Elf:1    | Bought a scroll of enchant weapon for 112 gold pieces
 89769 | Elf:1    | Bought a scroll of teleportation for 45 gold pieces
 89769 | Elf:1    | Bought a scroll of magic mapping for 112 gold pieces
 89769 | Elf:1    | Bought a scroll of noise for 15 gold pieces
 90737 | Depths:4 | Entered Level 4 of the Depths
 90891 | Depths:4 | Reached skill level 1 in Maces & Flails
 91584 | Depths:4 | Noticed Parghit
 91613 | Depths:4 | Killed Parghit
 91929 | Depths:4 | Noticed a juggernaut
 91938 | Depths:4 | Killed a juggernaut
 91950 | Depths:4 | Reached skill level 15 in Dodging
 92023 | Depths:4 | Found a portal to a secret trove of treasure.
 93117 | Depths:4 | Found a gate to the Realm of Zot.
 93525 | Depths:4 | You paid a toll of 5 scrolls of fear to enter a treasure
                  | trove
 93526 | Trove    | Entered a treasure trove
 93531 | Trove    | Found the +8 frozen axe "Frostbite" {freezing cloud, *Noise
                  | Fly rC+}
 93531 | Trove    | Found the +8 demon trident "Rift" {distort, reach+}
 93538 | Trove    | Got the Papyrus of Forms and Pyromania
 93547 | Trove    | Identified the +1 falchion of the Beast {drain, Fly rF- rN+
                  | Stlth+}
 93550 | Trove    | Identified the +1 helmet of Jusuna {rF++}
 93563 | Trove    | Identified the amulet "Mach" {rN++ Regen+ Slay+2}
 94398 | Zot:1    | Entered Level 1 of the Realm of Zot
 95059 | Zot:1    | Noticed an orb of fire
 95513 | Zot:1    | Reached skill level 16 in Dodging
 95730 | Zot:1    | Reached skill level 5 in Maces & Flails
 97598 | Zot:2    | Reached XP level 24. HP: 171/191 MP: 23/23
 97603 | Zot:2    | Noticed an orb of fire
 97800 | Zot:2    | Killed an orb of fire
 97945 | Zot:2    | You are sucked into a shaft and drop 2 floors!
 98507 | Zot:3    | Reached skill level 17 in Dodging
100010 | Zot:2    | Identified the +6 scale mail of the Cicada {rC+ Str+4
                  | Int+2}
102077 | Zot:4    | Noticed a Killer Klown
102123 | Zot:4    | Killed a Killer Klown
102384 | Zot:4    | Identified the +2 pair of boots of Responsibility {rElec
                  | rF+ Regen+ Dex+3}
103592 | Zot:5    | Entered Level 5 of the Realm of Zot
103592 | Zot:5    | Noticed a Killer Klown
103598 | Zot:4    | a Killer Klown changed into a rockslime
105563 | Zot:5    | Noticed an ancient lich
105614 | Zot:4    | Reached skill level 18 in Dodging
105910 | Zot:5    | Killed an ancient lich
106239 | Zot:5    | Noticed an orb of fire
106252 | Zot:5    | Noticed a Killer Klown
106257 | Zot:5    | Noticed an orb of fire
106260 | Zot:5    | Noticed an orb of fire
106696 | Zot:5    | Noticed a Killer Klown
106696 | Zot:5    | Noticed an orb of fire
106725 | Zot:5    | Noticed an orb of fire
106736 | Zot:5    | a Killer Klown changed into a caustic shrike
106897 | Zot:4    | HP: 9/191 [tentacled monstrosity (8)]
106900 | Zot:4    | Constricted to death by a tentacled monstrosity

Illustrated notes

Levels and vault maps discovered:
D:1:      kb_arrival_jail, layout_rooms, minivault_4
D:2:      layout_basic
D:3:      layout_rooms, ebering_ecumenical_altar_petrified, uniq_grinder
D:4:      layout_basic, enter_ossuary_4
D:5:      layout_basic, okawaru_metal_pillars_1_2, temple_statues, uniq_ijyb,
          uniq_menkaure, uniq_pikel
D:6:      minmay_recursive_quarters, layout_basic, lemuel_round_altar,
          st_stairs_14, uniq_duvessa, uniq_blork_the_orc, uniq_eustachio
D:7:      layout_rooms
D:8:      layout_cave_pools, mainiacjoe_overflow_divided_tiny,
          nicolae_overflow_hidden_temple, erik_lair_orcish_takeover
D:9:      layout_basic, serial_shops, shop, disabler_island,
          uniq_prince_ribbit1, uniq_erolcha, uniq_joseph
D:10:     layout_gridville, nicolae_wu_jian_immortal_techniques, orc_0_dummy
D:11:     layout_loops_ring, st_stairs_5, uniq_snorg
D:12:     layout_roguey, uniq_maurice, uniq_rupert
D:13:     layout_rooms
D:14:     layout_roguey, david_vaults_4, nicolae_uskayaw_en_pointe,
          serial_co_window_serial, co_window_of_opportunity_a,
          co_window_corner_a, co_window_corner_a, co_window_paths_a,
          co_window_paths_b, co_window_corner_cb, co_window_cross_3,
          co_window_corner_ca, co_window_cross_4, co_window_2corner,
          glass_columns_c, uniq_roxanne
D:15:     grunt_enter_depths_snipers, layout_cave_pools, tso_metal_star,
          serial_shops, nicolae_shop_hallway_stairs
Temple:   lightli_temple_of_artemis
Lair:1:   layout_chaotic_city, lightli_volcano_entry_magma_tube, minivault_19,
          cheibrodos_lair_lostbears, infiniplex_staircase_pool_2, uniq_nergalle,
          uniq_amaemon, uniq_harold
Lair:2:   layout_long_grid, guppyfry_snake_entry_island,
          chequers_serial_rivers_micro_e, lemuel_fruit_fields
Lair:3:   layout_regular_city, swamp_mist_pool, nicolae_quartered_pool_impasse
Lair:4:   layout_gridlike, dreamdust_wasp_nest
Lair:5:   gammafunk_lair_ancient_temple, layout_loops_ring,
          minmay_slime_entry_oklob_open, lemuel_fruit_fields
Swamp:1:  layout_basic_swamp, evilmike_swamp_ruin_house_6
Swamp:2:  layout_basic_swamp, nicolae_swamp_treefoil, swamp_pool3,
          infiniplex_staircase_pool, uniq_frances
Swamp:3:  layout_basic_swamp, evilmike_swamp_ruin_house_3
Swamp:4:  byrel_swamp_growth_death_and_undeath, layout_basic_swamp
Snake:1:  layout_chambers, grunt_megastairs_4
Snake:2:  nicolae_snake_unarmed_stairs_patrol, layout_onion_interference,
          grunt_megastairs_3
Snake:3:  layout_chambers, portal_ice_cave_entry_pillars_four,
          serial_bayou_crossing, uniq_bai_suzhen
Snake:4:  grunt_snake_rune_spirals, layout_onion,
          hangedman_snake_wide_pillar_pass, st_stairs_11, grunt_ministairs_6,
          uniq_asterion
Orc:1:    layout_caves, uniq_sonja
Orc:2:    st_orc_rangers, layout_caves
Elf:1:    eino_elf_arrival_sip, layout_loops_ring, serial_shops, shop,
          minmay_elf_necromancy, uniq_kirke
Elf:2:    elven_hall_of_blades_hangedman_original [mumra_blade_entry_bloodbath],
          layout_geoelf_octagon, serial_shops, shop_statue, serial_glass,
          glass_columns_c, glass_columns_c
Elf:3:    grunt_elf_hall_diamonds, layout_loops_corners, serial_shops, shop
Vaults:1: hangedman_vaults_restitches, ontoclasm_vaults_pinch, st_hourglassy,
          vaults_room_stairs_pillars, v_pattern_4, grunt_vaults_funnel,
          dpeg_vaults_monster_row, hangedman_vaults_nails,
          layout_vaults_big_room, uniq_nikola
Vaults:2: v_misc_31, nicolae_vaults_specimen_jars, v_rooms_6,
          ontoclasm_vaults_ring_square, vaults_room_guarded_vault,
          vaults_room_hallway, vaults_mumra_lcd, vaults_room_hallway,
          vaults_room_fancy_cross, vaults_standard_mumra_lines,
          nicolae_vaults_network_periphery, nicolae_vaults_shelves_hall,
          nicolae_vaults_yaktaur_gun_rack, ontoclasm_vaults_decontamination,
          ontoclasm_vaults_tryst, nicolae_vaults_angled_halls,
          hangedman_vaults_trim, layout_vaults_maze_snakey, uniq_saint_roka,
          uniq_donald
Vaults:3: nicolae_vaults_theta, vaults_mumra_hex,
          nicolae_vaults_know_your_exits, vaults_room_pools,
          nicolae_vaults_mini_display_case, ontoclasm_vaults_gateway,
          hangedman_vaults_nails, layout_vaults_omnigrid,
          minmay_crypt_entry_simple_round, serial_shops, shop,
          serial_hangedman_research, hangedman_research_geology,
          hangedman_research_thanatology, hangedman_research_metamorphosis,
          hangedman_research_probablistics, hangedman_research_electronics,
          hangedman_research_toxicology, uniq_jory
Vaults:4: vaults_dpeg_spiral, nicolae_vaults_three_branches, v_misc_25,
          nicolae_vaults_little_squares_6, hangedman_vaults_capsules, v_misc_32,
          v_pattern_5, vaults_room_grunt_arrival_ludios, layout_vaults_omnicross
Vaults:5
Crypt:1:  layout_gridlike, pandoras_box_mu, grunt_crypt_arrival_webbed,
          roderic_lattice_octagonal_star
Crypt:2:  layout_chaotic_city, basic_altar
Crypt:3:  david_glass_crypt, layout_rooms, nicolae_tomb_entry_rubble_hallway,
          basic_altar, amcnicky_mini_pool_small, uniq_sojobo
Depths:1: layout_roguey, enter_ziggurat_f, grunt_hell_entry_dis_mu,
          minmay_misc_feat_nine_boxes, grunt_ministairs_8, minmay_swirly_circle
Depths:2: hellmonk_paralyzer, layout_basic, grunt_dithmenos_smoke, pan_entry,
          grunt_metal_band, serial_bayou_lagoon_a, minmay_variable_closet,
          minmay_misc_feat_x, nicolae_concentric_dashed_squares_mild
Depths:3: nooodl_heptagram, layout_gridlike, abyss_entry,
          minmay_strange_pillars, hell_entry, nicolae_qazlal_style_of_elements
Depths:4: grunt_zot_entry_hairpin, layout_cave_shapes, hell_entry,
          nicolae_trove_entry_crossroad, uniq_parghit
Zot:1:    layout_basic, st_stairs_10, nrook_zot_tub
Zot:2:    layout_misc_corridors, grunt_megastairs_1
Zot:3:    layout_cathedral_of_symmetry
Zot:4:    layout_basic
Zot:5:    layout_misc_corridors

Skill      XL: |  1  2  3  4  5  6  7  8  9 10 11 12 13 14 15 16 17 18 19 20 21 22 23 24 |
---------------+-------------------------------------------------------------------------+-----
Fighting       | 4 6 8 10 11 12 14 16 | 16.0
Short Blades   | 2 5 9 11 14 | 14.0
Stealth        | 2 4 6 8 10 | 10.0
Throwing       | 1 4 6 8 10 11 12 14 | 14.1
Armour         | 1 4 6 9 10 12 | 12.0
Evocations     | 1 4 6 8 10 12 14 | 14.0
Dodging        | 4 6 10 12 14 16 18 | 18.0
Ranged Weapons | 2 9 10 | 10.0
Shields        | 2 10 12 13 14 | 14.0
Maces & Flails | 5 9 |  9.7
Polearms       | |  2.4

Action                   |  1- 3 |  4- 6 |  7- 9 | 10-12 | 13-15 | 16-18 | 19-21 | 22-24 || total
-------------------------+-------+-------+-------+-------+-------+-------+-------+-------++-------
Melee: Spear             |   183 |    15 |       |       |       |       |       |       ||   198
       Rapier            |       |    66 |   242 |   447 |  1173 |  1226 |  1951 |  1802 ||  6907
       War axe           |       |     3 |       |       |       |       |       |       ||     3
       Punch             |       |     1 |     7 |     7 |    18 |     1 |       |       ||    34
       Morningstar       |       |       |       |       |       |       |    16 |    94 ||   110
 Fire: Shortbow          |       |       |       |     7 |    37 |    43 |       |       ||    87
Throw: Dart              |       |       |     4 |    30 |    14 |    24 |   267 |   246 ||   585
       Boomerang         |       |       |     3 |    14 |    38 |   143 |   262 |   349 ||   809
       Throwing net      |       |       |       |     1 |       |     2 |     4 |     1 ||     8
       Javelin           |       |       |       |       |       |     5 |    17 |    28 ||    50
Invok: Potion Petition   |       |       |       |       |    10 |     3 |    10 |    12 ||    35
       Bribe Branch      |       |       |       |       |     1 |     1 |     2 |     1 ||     5
 Abil: Evoke Invisibilit |       |       |       |       |       |       |       |     5 ||     5
       Evoke Blink       |       |       |       |       |       |       |       |     3 ||     3
Evoke: Wand              |       |       |       |    30 |    47 |    75 |    34 |    33 ||   219
       Tin of tremorston |       |       |       |       |     4 |     5 |    13 |    14 ||    36
       Condenser vane    |       |       |       |       |     1 |     4 |     8 |     6 ||    19
       Lightning rod     |       |       |       |       |       |     6 |    30 |    17 ||    53
       Box of beasts     |       |       |       |       |       |     5 |    11 |    10 ||    26
  Use: Scroll            |       |     8 |     4 |    11 |    11 |    13 |    11 |    47 ||   105
 Stab: Sleeping          |     4 |       |       |       |       |       |       |       ||     4
       Distracted        |       |       |     2 |    13 |    32 |    38 |    69 |    77 ||   231
       Held in net/web   |       |       |       |     2 |       |       |     3 |     2 ||     7
       Confused          |       |       |       |       |       |     1 |       |       ||     1
       Paralysed         |       |       |       |       |       |       |     2 |       ||     2
       Invisible         |       |       |       |       |       |       |     3 |     6 ||     9
       Petrified         |       |       |       |       |       |       |     1 |       ||     1
Armor: Robe              |    14 |       |       |       |       |       |       |       ||    14
       Chain mail        |    24 |    81 |   109 |   160 |   333 |    30 |       |       ||   737
       Leather armour    |    15 |       |       |       |       |       |       |       ||    15
       Plate armour      |       |       |       |       |       |   427 |   482 |   288 ||  1197
       Gold dragon scale |       |       |       |       |       |       |       |   455 ||   455
Dodge: Dodged            |    83 |    53 |    55 |   117 |   276 |   188 |   272 |   281 ||  1325
Block: Other             |       |       |       |    32 |   140 |    12 |       |       ||   184
       Reflection        |       |       |       |     2 |    51 |    66 |    44 |    59 ||   222
       Buckler           |       |       |       |       |   136 |    44 |       |       ||   180
       Kite shield       |       |       |       |       |       |   684 |   947 |   630 ||  2261
       Tower shield      |       |       |       |       |       |       |       |   832 ||   832
